 Dungeon Crawl Stone Soup version 0.27.0-1-g7a089689b8 (webtiles) character file.

Game seed: 10406317168955646987

12 ZARRMARR the Cudgeller (level 2, 0/25 HPs)
             Began as a Palentonga Berserker on July 31, 2021.
             Was a Follower of Trog.
             Succumbed to a kobold's poison
             ... on level 1 of the Dungeon.
             The game lasted 00:02:25 (169 turns).

ZARRMARR the Cudgeller (Palentonga Berserker)        Turns: 169, Time: 00:02:25

Health: 0/25       AC:  4    Str: 20    XL:     2   Next: 20%
Magic:  2/2        EV:  9    Int:  7    God:    Trog [*.....]
Gold:   0          SH:  0    Dex:  9    Spells: 1/1 levels left

rFire    . . .     SeeInvis +   a - +0 mace
rCold    . . .     Faith    .   (no shield)
rNeg     . . .     Spirit   .   b - +0 animal skin
rPois    .         Reflect  .   (no helmet)
rElec    .         Harm     .   (no cloak)
rCorr    .         Rampage  .   (no gloves)
Will     .....                  (no barding)
Stlth    +.........             (no amulet)
HPRegen  0.08/turn              (no ring)
MPRegen  0.08/turn              (no ring)

@: lethally poisoned (0 -> -3)
A: large, rugged brown scales 3, see invisible, deformed body, roll 1, armoured
tail
a: Rolling Charge, Renounce Religion, Berserk


You were on level 1 of the Dungeon.
You worshipped Trog.
Trog was aware of your devotion.
You visited 1 branch of the dungeon, and saw 1 of its levels.

Inventory:

Hand Weapons
 a - a +0 mace (weapon)
Missiles
 d - 37 stones (quivered)
Armour
 b - a +0 animal skin (worn)
Scrolls
 c - a scroll of teleportation


   Skills:
 + Level 3.2 Fighting
 + Level 3.3 Maces & Flails
 + Level 1.6 Armour
 + Level 1.7 Dodging


You had one spell level left.
You didn't know any spells.
Your spell library was empty.

Dungeon Overview and Level Annotations

Branches:
Dungeon (1/15)

Altars:


Innate Abilities, Weirdness & Mutations

You are completely covered in rugged brown scales. (AC +3, +7% HP)
You have supernaturally acute eyesight. (SInv)
Armour fits poorly on your strangely shaped body.
You can roll at nearby foes to attack.
You have a long armoured tail.


Message History

You barely miss the kobold.
The kobold hits you with a +1 short sword of venom.
You are poisoned.
You closely miss the kobold.
Your tail-slap misses the kobold.
You feel sick. The kobold closely misses you.
You hit the kobold.
The kobold is heavily wounded.
You feel sick. The kobold closely misses you.
The kobold hits you with a +1 short sword of venom.
You barely miss the kobold.
The kobold is heavily wounded.
You feel sick.
The kobold hits you with a +1 short sword of venom.
You are lethally poisoned!
You barely miss the kobold.
The kobold is moderately wounded.
You feel very sick. The kobold barely misses you.
You sock the kobold!
You kill the kobold!
Trog accepts your kill.
* * * LOW HITPOINT WARNING * * *
You feel very sick.
As you read the scroll labelled MEYGISCHI CIWO, it crumbles to dust.
You feel strangely unstable.
It was a scroll of teleportation.
* * * LOW HITPOINT WARNING * * *
You feel sick.
Unknown command.
* * * LOW HITPOINT WARNING * * *
You feel sick.
Things that are here:
a +1 short sword of venom; a stone
* * * LOW HITPOINT WARNING * * *
You feel sick.
You see here a stone.
Your surroundings suddenly seem different.
* * * LOW HITPOINT WARNING * * *
You feel sick.
Found a scroll labelled ATHROI SOOKUSMA.
You die...

### ..# #.#
#
#######.##.#
#..........#
#......@...#
#........?##
..........#
.##########


There were no monsters in sight!

Vanquished Creatures
  An endoplasm (D:1)
  A giant cockroach (D:1)
  A goblin (D:1)
  A hobgoblin (D:1)
  4 jackals (D:1)
  A kobold (D:1)
9 creatures vanquished.

Notes
Turn   | Place    | Note
-------+----------+-------------------------------------------
     0 | D:1      | ZARRMARR the Palentonga Berserker began the quest for the
                  | Orb.
     0 | D:1      | Reached XP level 1. HP: 19/19 MP: 1/1
    36 | D:1      | Reached XP level 2. HP: 25/25 MP: 2/2
   168 | D:1      | HP: 1/25 [poisoned by a kobold]
   169 | D:1      | Succumbed to a kobold's poison

Illustrated notes

Levels and vault maps discovered:
D:1:      dpeg_arrival_pits, layout_basic, ebering_ecumenical_altar_ruins,
          minmay_small_reverse_x

Action                   || total
-------------------------++-------
Melee: Mace              ||    21
       Tailslap          ||     1
Throw: Stone             ||     5
  Use: Scroll            ||     1
Armor: Animal skin       ||     4
Dodge: Dodged            ||     6
